 Dungeon Crawl Stone Soup version 0.32-a0-995-gb4a59205af (webtiles) character file.

Game seed: 12868949591474899888

758 elagabalus the Changeling (level 7, 61/61 HPs)
             Began as a Troll Shapeshifter on Apr 22, 2024.
             Quit the game on level 4 of the Dungeon.
             The game lasted 00:15:18 (2391 turns).

elagabalus the Changeling (Troll Shapeshifter)      Turns: 2391, Time: 00:15:19

Health: 61/61      AC:  3    Str: 25    XL:     7   Next: 50%
Magic:  6/6        EV: 17    Int:  6    God:
Gold:   365        SH:  0    Dex:  9    Spells: 6/6 levels left

rFire   . .          .
                       - Unarmed
rCold   . . .        (shield currently unavailable)
rNeg    . . .        a - melded +1 animal skin
rPois   .            (helmet restricted)
rElec   .            o - +0 cloak
rCorr   .            (gloves unavailable)
SInv    +            (boots unavailable)
Will    .....        v - amulet of regeneration
Stlth   +            f - ring of see invisible
HPRegen 1.90/turn    t - +5 ring of evasion
MPRegen 0.10/turn

%: no passive effects
@: flux-form, glowing
A: glow, contaminating, large, unfitting armour, claws 3, regeneration 1, shaggy
fur 1, tough skin 1
a: Begin Untransformation


You were on level 4 of the Dungeon.
You were something dangerously unstable.
You visited 1 branch of the dungeon, and saw 4 of its levels.

You collected 365 gold pieces.

Inventory:

Armour
 a - a +1 animal skin (melded)
 o - a +0 cloak (worn)
 u - a +0 kite shield
Jewellery
 f - a ring of see invisible (left claw)
 g - an amulet of the acrobat
 i - a ring of wizardry
 n - a ring of magical power
 t - a +5 ring of evasion (right claw)
 v - an amulet of regeneration (around neck)
 w - an amulet of guardian spirit
 x - a ring of positive energy
 y - a ring of wizardry
Talismans
 c - a beast talisman
 d - a flux talisman (active)
Wands
 s - a wand of flame (17)
Scrolls
 h - a scroll of fear
 q - 2 scrolls of revelation
Potions
 b - 2 potions of lignification
 e - a potion of ambrosia
 j - 3 potions of curing
 k - 2 potions of haste
 l - 3 potions of brilliance
 m - a potion of mutation
 p - a potion of enlightenment
 r - 2 potions of might
 z - a potion of invisibility {unknown}
 A - a potion of attraction {unknown}


   Skills:
 - Level 0.7 Fighting
 - Level 1.5 Dodging
 * Level 4.8 Unarmed Combat
 - Level 7.5 Shapeshifting


You had 6 spell levels left.
You didn't know any spells.
Your spell library contained the following spells:

 Spells                   Type           Power      Damage    Failure   Level
 Freeze                   Ice            0%         1d3       45%         1
 Kiss of Death            Conj/Necr      0%         2d5       45%         1
 Confusing Touch          Hex            0%         N/A       83%         3
 Frozen Ramparts          Ice            0%         1d1       83%         3
 Hailstorm                Conj/Ice       0%         3d5       83%         3
 Dispel Undead            Necr           0%         3d6       99%         4


Dungeon Overview and Level Annotations

Branches:
Dungeon (4/15)
 Temple: D:4-7

Altars:
Trog


Innate Abilities, Weirdness & Mutations

You are something dangerously unstable.
You glow with magical radiation, making you easy to see and hit.
Foes you strike become dangerously contaminated with magical radiation.
You are incapable of wielding weapons or throwing items.
You are too large for most types of armour.
You have claws for hands.
Your natural rate of healing is unusually fast.
You are covered in fur. (AC +1)
You have tough skin. (AC +1)


Message History

The jackal zombie bites you but does no damage.
You scratch the jackal zombie but do no damage.
The jackal zombie glows dangerously bright.
The jackal zombie is severely damaged.
The jackal zombie closely misses you.
You scratch the jackal zombie.
You destroy the jackal zombie!
You scratch the scorpion zombie.
The scorpion zombie begins to glow.
The scorpion zombie is lightly damaged.
The scorpion zombie barely misses you.
You scratch the scorpion zombie.
The scorpion zombie glows dangerously bright.
The scorpion zombie is moderately damaged.
The scorpion zombie barely misses you.
You claw the scorpion zombie!
The scorpion zombie shudders as magic cascades through it!!
You destroy the scorpion zombie!
The bombardier beetle closely misses you.
You claw the bombardier beetle!
The bombardier beetle begins to glow.
The bombardier beetle is heavily wounded.
You scratch the bombardier beetle.
The bombardier beetle glows dangerously bright.
The bombardier beetle is severely wounded.
The bombardier beetle completely misses you.
You scratch the bombardier beetle but do no damage.
The bombardier beetle shudders as magic cascades through it!
You kill the bombardier beetle!
You see here a bombardier beetle corpse.
An adder zombie comes into view.
Found a bronze ring.
You scratch the adder zombie.
The adder zombie begins to glow.
The adder zombie is lightly damaged.
The adder zombie bites you.
You scratch the adder zombie.
The adder zombie glows dangerously bright.
The adder zombie is heavily damaged.
The adder zombie completely misses you.
You claw the adder zombie!
You destroy the adder zombie!
Are you sure you want to abandon this character and quit the game? (Confirm with "yes".)

....#....##..##
..#.##..############
..#..#'##..........#
......÷....##.######
..##.......##.###
####.......##...#
##.........####.# *#####
...........####.####....#
....>#####.##...p....♣*,**
...#.# #.........#♣♣,*,****
.....# ####†.....♣*,*,,,*,*
.....###### #.....♣♣.♣*,**,**
.##.......###........♣,,,*,,**
###..####.........♣♣.♣,_,*,*,*
# #..## ####........♣♣,,,*,,,*
# #...# #..####♣♣Z♣***,,***
###.#.## ##.# **..,*,**


There were no monsters in sight!

Vanquished Creatures
  A phantom (D:4)
  A scorpion (D:4)
  A howler monkey (D:4)
  3 bombardier beetles (D:4)
  A jelly (D:4)
  2 hounds (D:4)
  Ijyb (D:3)
  3 iguanas (D:4)
  An orc wizard (D:4)
  A scorpion zombie (D:4)
  Robin (D:3)
  A gnoll (D:1)
  11 adders
  An adder zombie (D:4)
  A dart slug (D:3)
  3 ribbon worms
  10 orcs
  7 endoplasms
  3 giant cockroaches
  9 goblins
  9 hobgoblins
  4 jackals (D:4)
  4 quokkas
  10 ball pythons
  5 bats (D:1)
  6 frilled lizards
  A jackal zombie (D:4)
  7 kobolds
  A rat (D:2)
109 creatures vanquished.

Notes
Turn   | Place    | Note
-------+----------+-------------------------------------------
     0 | D:1      | elagabalus the Troll Shapeshifter began the quest for the
                  | Orb.
     0 | D:1      | Reached XP level 1. HP: 18/18 MP: 0/0
   159 | D:1      | Reached XP level 2. HP: 26/26 MP: 1/1
   416 | D:1      | Reached skill level 4 in Shapeshifting
   416 | D:1      | Reached XP level 3. HP: 26/32 MP: 2/2
  1006 | D:2      | Reached XP level 4. HP: 40/40 MP: 3/3
  1191 | D:3      | Reached skill level 5 in Shapeshifting
  1256 | D:3      | Identified the +1 chain mail of Beauty {Rampage rPois rN+}
  1325 | D:3      | Noticed Ijyb
  1327 | D:3      | Noticed Robin
  1355 | D:3      | Killed Ijyb
  1356 | D:3      | Reached XP level 5. HP: 31/46 MP: 4/4
  1356 | D:3      | Killed Robin
  1746 | D:3      | Found a bloodstained altar of Trog.
  1878 | D:4      | Reached skill level 6 in Shapeshifting
  1897 | D:4      | Reached XP level 6. HP: 54/54 MP: 5/5
  1960 | D:4      | Reached skill level 7 in Shapeshifting
  1978 | D:4      | Reached XP level 7. HP: 58/61 MP: 6/6
  2391 | D:4      | Quit the game

Illustrated notes

Levels and vault maps discovered:
D:1:      minmay_arrival_solitary_statue, layout_rooms,
          minmay_gold_behind_fungi, minmay_unequal
D:2:      layout_basic
D:3:      layout_basic, mainiacjoe_overflow_catwalk, nicolae_goblin_pals
D:4:      minmay_bubble_buster, layout_rooms, nicolae_yredelemnul_corpse_copse,
          minmay_diced_spiral

Skill      XL: |  1  2  3  4  5  6  7 |
---------------+----------------------+-----
Shapeshifting  | 4 5 6 7 |  7.5
Unarmed Combat | 4 |  4.8
Fighting       | |  0.7
Dodging        | |  1.5

Action                     |  1- 3 |  4- 6 |  7- 9 || total
---------------------------+-------+-------+-------++-------
  Melee: Unarmed           |    85 |   126 |    71 ||   282
         Punch             |     1 |       |       ||     1
    Use: Scroll            |     6 |     9 |       ||    15
   Stab: Sleeping          |     1 |     2 |       ||     3
 Armour: Animal skin       |    36 |    54 |       ||    90
         Skin              |       |       |    30 ||    30
  Dodge: Dodged            |    39 |    76 |    59 ||   174
   Form: Flux              |       |       |     1 ||     1

Table legend: (Time is in decaauts)
 A = Elapsed time spent in this place.
 B = Non-inter-level travel time spent in this place.
 C = Inter-level travel time spent in this place.
 D = Time resting spent in this place.
 E = Time spent auto-exploring this place.
 F = Levels seen in this place.
 G = Mean time per level.
                   A        B        C        D        E       F      G
               +--------+--------+--------+--------+--------+-----+--------+
         Total |   2372 |   2372 |      0 |      0 |      0 |   4 |  593.0 |
       Dungeon |   2372 |   2372 |      0 |      0 |      0 |   4 |  593.0 |
               +--------+--------+--------+--------+--------+-----+--------+

Top non-repeatable levels by time:
     D:2: 662 daAuts
     D:3: 661 daAuts
     D:4: 564 daAuts
     D:1: 484 daAuts
